 Dungeon Crawl Stone Soup version 0.22-a0-259-gdd11e71 (webtiles) character file.

106 Amnesiac the Ducker (level 4, 0/34 HPs)
             Began as a Spriggan Gladiator on Mar 5, 2018.
             Succumbed to an adder's poison
             ... on level 3 of the Dungeon.
             The game lasted 00:02:43 (2033 turns).

Amnesiac the Ducker (Spriggan Gladiator)            Turns: 2033, Time: 00:02:44

Health: 0/34       AC:  2    Str: 16    XL:     4   Next: 55%
Magic:  5/5        EV: 19    Int: 14    God:
Gold:   57         SH:  5    Dex: 17    Spells: 3/3 levels left

rFire    + . .     SeeInvis +   a - +0 long sword
rCold    + . .     Gourm    .   r - +0 buckler
rNeg     . . .     Faith    .   o - +0 robe (curse)
rPois    +         Spirit   .   c - +0 hat
rElec    +         Reflect  .   (no cloak)
rCorr    +         Harm     .   (gloves unavailable)
MR       .....                  (boots unavailable)
Stlth    ..........             (no amulet)
HPRegen  0.11/turn              m - ring of wizardry
MPRegen  0.09/turn              (no ring)

@: brilliant, berserking, lethally poisoned (0 -> -3), resistant, very quick
A: very small, unfitting armour, see invisible, herbivore, speed 3, slow
metabolism 2
a: no special abilities


You were on level 3 of the Dungeon.
You were not hungry.

You visited 1 branch of the dungeon, and saw 3 of its levels.

You collected 57 gold pieces.

Inventory:

Hand Weapons
 a - a +0 long sword (weapon)
Missiles
 d - 3 throwing nets (quivered)
 e - 39 stones
Armour
 c - a +0 hat (worn)
 o - a cursed +0 robe (worn)
 r - a +0 buckler (worn)
Jewellery
 m - a ring of wizardry (left hand)
Wands
 p - a wand of polymorph (10)
Scrolls
 g - 2 scrolls of magic mapping {!r, unknown}
 i - a scroll of enchant armour {!r, unknown}
 j - 4 scrolls of enchant weapon {!r, unknown}
 k - a scroll of blinking {!r, unknown}
 n - a scroll of random uselessness {!r, unknown}
 q - a scroll of identify {!r, unknown}
Comestibles
 f - 3 rations


   Skills:
 + Level 2.4 Fighting
 - Level 4.0 Long Blades
 - Level 2.0 Throwing
 - Level 4.4 Dodging


You had 3 spell levels left.
You didn't know any spells.

Dungeon Overview and Level Annotations

Branches:
Dungeon (3/15)

Altars:
Kikubaaqudgha
Nemelex Xobeh
Sif Muna
Zin


Innate Abilities, Weirdness & Mutations

You are very small and have problems with some larger weapons.
You are too small for most types of armour.
You have supernaturally acute eyesight. (SInv)
You are a herbivore.
You cover ground extremely quickly.
You need to consume almost no food.


Message History

The adder is moderately wounded.
The adder bites you. x2
* * * LOW HITPOINT WARNING * * *
You barely miss the adder.
The adder is moderately wounded.
The adder closely misses you.
You miss the adder.
The adder is moderately wounded.
You feel sick. The adder closely misses you. x2
You closely miss the adder.
The adder is moderately wounded.
The adder barely misses you. The adder misses you.
You miss the adder.
The adder is moderately wounded.
You block the adder's attack.
You slash the adder!
The adder is almost dead.
You feel sick.
You are no longer poisoned.
The adder completely misses you. You block the adder's attack.
You closely miss the adder.
The adder is almost dead.
The adder bites you.
* * * LOW HITPOINT WARNING * * *
You are lethally poisoned!
The adder poisons you! You block the adder's attack.
You are too injured to fight recklessly!
You are too injured to fight recklessly!
You are too injured to fight recklessly!
You are too injured to fight recklessly!
You barely miss the adder.
The adder is almost dead.
* * * LOW HITPOINT WARNING * * *
You feel sick. The adder bites you.
* * * LOW HITPOINT WARNING * * *
You completely miss the adder.
The adder is almost dead.
You block the adder's attack. The adder misses you.
You barely miss the adder.
The adder is almost dead.
* * * LOW HITPOINT WARNING * * *
You feel sick. The adder misses you.
Really quaff
b - a pink potion {!q}?
It was a potion of brilliance {!q}.
You feel clever all of a sudden. The adder bites you but does no damage.
The adder completely misses you.
Okay, then.
* * * LOW HITPOINT WARNING * * *
You feel sick.
Really quaff
l - a blue potion {!q}?
It was a potion of resistance {!q}.
You feel protected.
Really quaff
h - an emerald potion {!q}?
It was a potion of berserk rage {!q}.
A red film seems to cover your vision as you go berserk!
You feel yourself moving faster!
You feel mighty! The adder bites you.
* * * LOW HITPOINT WARNING * * *
You slash the adder!
You kill the adder!
You see here an adder corpse.
Sorry, you're a herbivore.
There is a lethal amount of poison in your body!
You feel a strong urge to attack something.
You die...

### #.. #.# #.# ###### #.#
.....# #.# ####.# #.#
###.### #@# #..)..# #†#
#.....# #.# #.....# #.#
#.....# #.# #.....# #.#
####'###########.#
.................#
.....####################.#.


There were no monsters in sight!

Vanquished Creatures
  Ijyb (D:3)
  A gnoll (D:3)
  An adder (D:3)
  A worm (D:3)
  2 dart slugs (D:1)
  3 leopard geckos
  5 bats
  6 giant cockroaches
  10 hobgoblins
  8 kobolds
  2 ball pythons
  3 frilled lizards
  3 goblins
  4 rats
50 creatures vanquished.

Notes
Turn   | Place    | Note
-------+----------+-------------------------------------------
     0 | D:1      | Amnesiac the Spriggan Gladiator began the quest for the Orb.
     0 | D:1      | Reached XP level 1. HP: 10/10 MP: 2/2
    57 | D:1      | Reached XP level 2. HP: 11/14 MP: 3/3
   247 | D:1      | You fall through a shaft!
   401 | D:1      | Reached XP level 3. HP: 16/18 MP: 4/4
   995 | D:2      | Found a sparkling altar of Nemelex Xobeh.
   996 | D:2      | Found a deep blue altar of Sif Muna.
   996 | D:2      | Found an ancient bone altar of Kikubaaqudgha.
   996 | D:2      | Found a glowing silver altar of Zin.
  1506 | D:2      | You fall through a shaft!
  1622 | D:3      | Noticed Ijyb
  1639 | D:3      | Killed Ijyb
  1639 | D:3      | Reached XP level 4. HP: 23/23 MP: 5/5
  2028 | D:3      | HP: 1/23 [poisoned by an adder]
  2033 | D:3      | Succumbed to an adder's poison

Vault maps used:
D:1:      sevenhm_arrival_forest_fort_small_5
D:2:      grunt_temple_overflow_open
D:3:      first_ration, uniq_ijyb

Skill      XL: |  1  2  3 |
---------------+----------+-----
Long Blades    | 3 4 |  4.0
Fighting       | 2 |  2.4
Throwing       | |  2.0
Dodging        | |  4.4

Action                   |  1- 3 |  4- 6 || total
-------------------------+-------+-------++-------
Melee: Long sword        |   123 |    20 ||   143
  Use: Potion            |       |     3 ||     3
 Stab: Sleeping          |     4 |       ||     4
Armor: Robe              |     8 |     1 ||     9
       Skin              |     3 |       ||     3
Dodge: Dodged            |   112 |    17 ||   129
Block: Buckler           |       |     4 ||     4
       Rpst.: Long sword |    28 |     2 ||    30

Table legend:
 A = Spawn XP
 B = Non-spawn XP
 C = Spawn XP percentage of total XP
 D = Spawn monster count
 E = Non-spawn monster count
 F = Spawn count percentage of total count
 G = Total turns spent on level
                    A         B        C        D         E        F      G
               +---------+---------+-------+---------+---------+-------+---------
         Total |       0 |     152 |   0.0 |       0 |      50 |   0.0 |  2033
               +---------+---------+-------+---------+---------+-------+---------
           D:1 |       0 |      60 |   0.0 |       0 |      32 |   0.0 |   887
           D:2 |       0 |      15 |   0.0 |       0 |      10 |   0.0 |   613
           D:3 |       0 |      77 |   0.0 |       0 |       8 |   0.0 |   533
               +---------+---------+-------+---------+---------+-------+---------
